 Dungeon Crawl Stone Soup version 0.23.2-1-ga50397a (webtiles) character file.

Game seed: 10393184461873719556

67 Fang the Skirmisher (level 4, -2/29 HPs)
             Began as a Gargoyle Berserker on Apr 25, 2019.
             Was a Believer of Trog.
             Killed from afar by Natasha (6 damage)
             ... with a magic dart
             ... on level 3 of the Dungeon.
             The game lasted 00:01:05 (1683 turns).

Fang the Skirmisher (Gargoyle Berserker)            Turns: 1683, Time: 00:01:06

Health: -2/29      AC:  5    Str: 22    XL:     4   Next: 18%
Magic:  4/4        EV: 12    Int: 12    God:    Trog [**....]
Gold:   58         SH:  0    Dex:  9    Spells: 3/3 levels left

rFire    . . .     SeeInvis .   a - +0 hand axe
rCold    . . .     Gourm    .   (no shield)
rNeg     + . .     Faith    .   b - +0 animal skin
rPois    ∞         Spirit   .   (no helmet)
rElec    +         Reflect  .   (no cloak)
rCorr    .         Harm     .   (no gloves)
MR       .....                  (no boots)
Stlth    +.........             (no amulet)
HPRegen  0.09/turn              e - +5 ring of intelligence
MPRegen  0.09/turn              (no ring)

@: no status effects
A: negative energy resistance 1, electricity resistance, unbreathing,
petrification resistance, rot immunity, AC +3
a: Berserk, Trog's Hand, Renounce Religion


You were on level 3 of the Dungeon.
You worshipped Trog.
Trog was pleased with you.
You were very hungry.

You visited 1 branch of the dungeon, and saw 3 of its levels.

You collected 58 gold pieces.

Inventory:

Hand Weapons
 a - a +0 hand axe (weapon)
Armour
 b - a +0 animal skin (worn)
Jewellery
 e - a +5 ring of intelligence (left hand)
Scrolls
 d - 3 scrolls of identify {unknown}
 h - a scroll of remove curse {unknown}
 i - a scroll of teleportation {unknown}
 k - a scroll of enchant weapon {unknown}
 l - a scroll of enchant armour {unknown}
Potions
 f - 2 potions of might {unknown}
 g - a potion of resistance {unknown}
 j - a potion of haste {unknown}
Comestibles
 c - a ration


   Skills:
 + Level 3.9 Fighting
 + Level 3.2 Axes
 + Level 3.0 Armour
 + Level 2.2 Dodging


You had 3 spell levels left.
You didn't know any spells.
Your spell library was empty.

Dungeon Overview and Level Annotations

Branches:
Dungeon (3/15)

Altars:

Annotations:
D:3 Natasha


Innate Abilities, Weirdness & Mutations

You are resistant to torment.
Your stone body is resilient. (AC +3)
You are immune to poison.
You resist negative energy. (rN+)
You are resistant to electric shocks. (rElec)
You can survive without breathing.
You are immune to petrification.
You are immune to rotting.


Message History

Natasha claws you.
You hit Natasha.
Natasha is severely wounded.
Natasha closely misses you.
Okay, then.
Okay, then.
You completely miss Natasha.
Natasha is severely wounded.
Natasha claws you.
You miss Natasha.
Natasha is severely wounded.
Natasha casts a spell at you. The magic dart hits you.
* * * LOW HITPOINT WARNING * * *
You closely miss Natasha.
Natasha is severely wounded.
Natasha closely misses you.
Natasha stares at you and mumbles some strange words.
The magic dart hits you.
You die...

### #..#
##.#.######.####.....
..# #.#.###.##..#
#.#### ..#
#.##...###..# #.#
..#####..##.## #..#
#.# ............#
#..# #.#
..######.#..# #..#
#.#### ..###.##.#..#
#..# #.....
.......#.#..# #..#
######
.####.##.#..####@.#
.# #...........h..#
.# #.###....#######
.# #.# #.#..# ####.#
#.#..# .....# #.#..#
########..>.#
.............
########....##


You could see Natasha.

Vanquished Creatures
  Natasha (D:3)
  An adder (D:3)
  An ooze (D:2)
  A dart slug (D:1)
  2 leopard geckos (D:1)
  2 goblins (D:2)
  6 hobgoblins (D:1)
  4 bats
  A frilled lizard (D:3)
  6 kobolds
  A rat (D:2)
26 creatures vanquished.

Notes
Turn   | Place    | Note
-------+----------+-------------------------------------------
     0 | D:1      | Fang the Gargoyle Berserker began the quest for the Orb.
     0 | D:1      | Reached XP level 1. HP: 14/14 MP: 1/1
   102 | D:1      | Reached XP level 2. HP: 2/19 MP: 2/2
   878 | D:2      | Reached XP level 3. HP: 23/23 MP: 3/3
   930 | D:2      | Reached ** piety under Trog
  1369 | D:3      | Noticed Natasha
  1381 | D:3      | Killed Natasha
  1381 | D:3      | Reached XP level 4. HP: 16/29 MP: 4/4
  1672 | D:3      | Noticed Natasha
  1683 | D:3      | Killed from afar by Natasha

Skill      XL: |  1  2  3 |
---------------+----------+-----
Axes           | 3 |  3.2
Dodging        | 2 |  2.2
Armour         | 3 |  3.0
Fighting       | |  3.9

Action                   |  1- 3 |  4- 6 || total
-------------------------+-------+-------++-------
Melee: Hand axe          |    93 |    13 ||   106
Invok: Berserk           |     3 |       ||     3
  Eat: Chunk             |     3 |     1 ||     4
Armor: Animal skin       |    31 |       ||    31
Dodge: Dodged            |    70 |     5 ||    75
